 Dungeon Crawl Stone Soup version 0.18.1-48-g4cf74bf (webtiles) character file.

44 MistressOfTheDunes the Insei (level 3, 0/29 HPs)
             Began as a Mummy Monk on July 19, 2016.
             Slain by Crazy Yiuf
             ... wielding a +3 quarterstaff of chaos
              (5 damage)
             ... on level 2 of the Dungeon.
             The game lasted 00:02:09 (1836 turns).

MistressOfTheDunes the Insei (Mummy Monk)           Turns: 1836, Time: 00:02:09

Health: 0/29       AC:  0    Str: 14    XL:     3   Next: 39%
Magic:  3/3        EV: 14    Int:  9    God:
Gold:   118        SH:  0    Dex: 19    Spells: 0 memorised, 2 levels left

rFire  x . .     SeeInvis .       - Unarmed
rCold  + . .     Gourm    .     (no armour)
rNeg   + + +     Faith    .     (no shield)
rPois  ∞         Spirit   .     (no helmet)
rElec  .         Dismiss  .     (no cloak)
rCorr  .         Reflect  .     (no gloves)
SustAt .         Harm     .     (no boots)
MR     .....                    (no amulet)
Stlth  ++........               d - +4 ring of dexterity
                                (no ring)

@: not resistant to hostile enchantments, unstealthy
A: no food or potions, fire vulnerability, cold resistance 1, negative energy
resistance 3, torment resistance, unbreathing
a: no special abilities


You were on level 2 of the Dungeon.
You were not hungry.

You visited 1 branch of the dungeon, and saw 2 of its levels.

You collected 118 gold pieces.


Innate Abilities, Weirdness & Mutations

You do not eat or drink.
Your flesh is vulnerable to fire.
You are immune to poison.
Your flesh is cold resistant.
You are immune to negative energy.
You are immune to unholy pain and torment.
You can survive without breathing.


   Skills:
 - Level 3.0 Fighting
 + Level 2.9 Dodging
 - Level 1.5 Stealth
 - Level 4.0 Unarmed Combat


You had 2 spell levels left.
You didn't know any spells.

Inventory:

Jewellery
 d - a +4 ring of dexterity (right hand)
Scrolls
 a - a scroll of random uselessness {unknown}
 b - 3 scrolls of identify {unknown}
 c - a scroll of fog {unknown}
 e - a scroll of amnesia {unknown}

Dungeon Overview and Level Annotations

Branches:
Dungeon (2/15)

Altars:
Pakellas

Annotations:
D:2 Crazy Yiuf

▒.▒...▒ ▒▒.▒▒ ▒.▒ .▒
......▒ ▒.▒ ▒.▒▒.▒
▒▒.▒.▒▒ ▒.▒ ▒..▒.▒
.....▒ ▒.▒ ▒▒.▒.▒
▒▒...▒ ▒.▒ ▒.▒.▒
▒...▒ ▒.▒▒.▒▒▒.▒.▒
▒...▒ ▒<▒▒.......▒
▒...▒▒▒▒▒▒.▒▒▒▒▒▒.▒▒▒
▒▒...)..))......Mg.▒
.....▒...)..▒▒▒▒▒▒▒▒
▒▒.▒▒▒.▒▒▒▒▒▒ ▒▒.▒
▒.▒ ...▒ ▒.▒ ▒▒▒▒ ▒.▒
▒▒▒▒▒▒.▒ .......▒
▒▒▒▒▒▒▒▒


You could see Crazy Yiuf.


Message History

Crazy Yiuf is heavily wounded!
Crazy Yiuf closely misses you!
Crazy Yiuf cries, "Nubble cloud koolooloo!!!"
You barely miss Crazy Yiuf!
Crazy Yiuf is heavily wounded!
You barely miss Crazy Yiuf!
Crazy Yiuf is heavily wounded!
Crazy Yiuf hits you with a quarterstaff of chaos! * * * don't die
* * * You pummel Crazy Yiuf like a punching bag!
You punch Crazy Yiuf!
Crazy Yiuf is almost dead!
Crazy Yiuf says, "Ten!!!
Sif Muna testudinal testudinal!"
Crazy Yiuf barely misses you!
You pummel Crazy Yiuf like a punching bag!
Crazy Yiuf is almost dead!
Crazy Yiuf hits you with a quarterstaff of chaos!!! * * * don't die
* * * Crazy Yiuf burns you! * * * don't die
* * * You squash Crazy Yiuf but do no damage!
Crazy Yiuf is almost dead!
Crazy Yiuf glowers!
Crazy Yiuf closely misses you!
You beat Crazy Yiuf but do no damage!
Crazy Yiuf is almost dead!
You beat Crazy Yiuf but do no damage!
Crazy Yiuf is almost dead!
Crazy Yiuf hits you with a quarterstaff of chaos! rip

Action                   || total
-------------------------++-------
Melee: Unarmed           ||   119
       Punch             ||     3
 Stab: Sleeping          ||     8
       Distracted        ||     2
Dodge: Dodged            ||    71

Vault maps used:
D:1:      tarquinn_simple_flora_water_f
D:2:      grunt_pakellas_basics, first_bread, uniq_crazy_yiuf_cottage

Notes
Turn   | Place    | Note
--------------------------------------------------------------
     0 | D:1      | MistressOfTheDunes the Mummy Monk began the quest for the Orb.
     0 | D:1      | Reached XP level 1. HP: 18/18 MP: 1/1
   269 | D:1      | Reached XP level 2. HP: 9/24 MP: 2/2
  1208 | D:2      | Reached XP level 3. HP: 25/29 MP: 3/3
  1264 | D:2      | Found an oddly glowing altar of Pakellas.
  1530 | D:2      | Noticed Crazy Yiuf
  1637 | D:1      | Reached skill level 4 in Unarmed Combat
  1836 | D:2      | Slain by Crazy Yiuf

Vanquished Creatures
  A dart slug (D:2)
  2 giant geckos (D:2)
  4 giant cockroaches (D:1)
  6 goblins
  6 hobgoblins
  A ball python (D:1)
  10 bats
  3 giant newts
  3 kobolds (D:1)
  6 rats
42 creatures vanquished.
